UAA
RICHLAND RAILS @ PHOENIX HOTSPUR YOUTH
08/30/2018
 
TOP OF THE 1ST
Richland Rails batting - Pitching for Phoenix Hotspur Youth : LHP Elroy Gardner
Pitching: LHP Elroy Gardner
Batting: RHB Alexis Smeddon 0-0: Called Strike
0-1: Ball
1-1: Ground out U3 (Groundball, 3L)
Batting: SHB Raymond Bright 0-0: Swinging Strike
0-1: Ball
1-1: Swinging Strike
1-2: Strikes out swinging
Batting: RHB Ichiyo Fujii 0-0: Ball
1-0: Ball
2-0: Fly out, F4 (Line Drive, 4)
Top of the 1st over - 0 run(s), 0 hit(s), 0 error(s), 0 left on base; Richland 0 - Phoenix Hotspur 0
BOTTOM OF THE 1ST
Phoenix Hotspur Youth batting - Pitching for Richland Rails : RHP Javier Penela
Pitching: RHP Javier Penela
Batting: RHB Jim Unknown 0-0: Swinging Strike
0-1: Ball
1-1: Ground out 6-3 (Groundball, 6)
Batting: LHB Alberto Torres 0-0: Ball
1-0: DOUBLE (Line Drive, 3D)
Batting: RHB Jorge Martínez 0-0: Called Strike
0-1: Ball
1-1: Called Strike
1-2: Ball
2-2: Foul Ball, location: 2F
2-2: 2-RUN HOME RUN (Flyball, 78XD), Distance : 407 ft
Batting: RHB Matías Torrella 0-0: Ball
1-0: Foul Ball, location: 2F
1-1: Ball
2-1: Ground out 6-3 (Groundball, 6)
Batting: RHB Patrick Shaw 0-0: Swinging Strike
0-1: Foul Ball, location: 2F
0-2: Hit by Pitch
Batting: LHB José Villarreal 0-0: Called Strike
0-1: Ball
1-1: Called Strike
1-2: Strikes out swinging
Bottom of the 1st over - 2 run(s), 2 hit(s), 0 error(s), 1 left on base; Richland 0 - Phoenix Hotspur 2
TOP OF THE 2ND
Richland Rails batting - Pitching for Phoenix Hotspur Youth : LHP Elroy Gardner
Batting: SHB Shelby Reusch 0-0: Swinging Strike
0-1: Swinging Strike
0-2: Strikes out swinging
Batting: RHB Roberto Ríos 0-0: Foul Ball, location: 2F
0-1: Ball
1-1: Ball
2-1: Ball
3-1: Called Strike
3-2: Foul Ball, location: 2F
3-2: Fly out, F9 (Line Drive, 9S)
Batting: RHB Andrew Hall 0-0: Ball
1-0: Foul Ball, location: 2F
1-1: Foul Ball, location: 2F
1-2: Strikes out swinging
Top of the 2nd over - 0 run(s), 0 hit(s), 0 error(s), 0 left on base; Richland 0 - Phoenix Hotspur 2
BOTTOM OF THE 2ND
Phoenix Hotspur Youth batting - Pitching for Richland Rails : RHP Javier Penela
Batting: RHB Nick Reed 0-0: Ground out 5-3 (Groundball, 5)
Batting: LHB Torquato Villani 0-0: Ground out 4-3 (Groundball, 4)
Batting: SHB Jesús González 0-0: Ball
1-0: Called Strike
1-1: Swinging Strike
1-2: Foul Ball, location: 2F
1-2: SINGLE (Flyball, 7LS)
Batting: RHB Jim Unknown 0-0: Ball
1-0: Foul Ball, location: 2F
1-1: Ball
2-1: Ball
3-1: Foul Ball, location: 2F
3-2: Strikes out swinging
Bottom of the 2nd over - 0 run(s), 1 hit(s), 0 error(s), 1 left on base; Richland 0 - Phoenix Hotspur 2
TOP OF THE 3RD
Richland Rails batting - Pitching for Phoenix Hotspur Youth : LHP Elroy Gardner
Batting: RHB Larry Brown 0-0: Called Strike
0-1: Ground out 5-3 (Groundball, 5L)
Batting: RHB Jack Davis 0-0: Ball
1-0: Ball
2-0: Foul Ball, location: 2F
2-1: Swinging Strike
2-2: Foul Ball, location: 2F
2-2: Ball
3-2: Base on Balls
Batting: LHB Roberto Madrid 0-0: Swinging Strike
0-1: Swinging Strike
0-2: Strikes out swinging
Batting: RHB Alexis Smeddon 0-0: Called Strike
0-1: Ball
1-1: TRIPLE (Groundball, 3L)
Jack Davis scores
Batting: SHB Raymond Bright 0-0: Called Strike
0-1: Foul Ball, location: 2F
0-2: Ball
1-2: Ball
2-2: Ground out 4-3 (Groundball, 4M)
Top of the 3rd over - 1 run(s), 1 hit(s), 0 error(s), 1 left on base; Richland 1 - Phoenix Hotspur 2
BOTTOM OF THE 3RD
Phoenix Hotspur Youth batting - Pitching for Richland Rails : RHP Javier Penela
Batting: LHB Alberto Torres 0-0: Called Strike
0-1: Ball
1-1: Ground out 4-3 (Groundball, 4)
Batting: RHB Jorge Martínez 0-0: Ball
1-0: Ball
2-0: Swinging Strike
2-1: Ball
3-1: Swinging Strike
3-2: Strikes out looking
Batting: RHB Matías Torrella 0-0: Ball
1-0: Fly out, F9 (Flyball, 89M)
Bottom of the 3rd over - 0 run(s), 0 hit(s), 0 error(s), 0 left on base; Richland 1 - Phoenix Hotspur 2
TOP OF THE 4TH
Richland Rails batting - Pitching for Phoenix Hotspur Youth : LHP Elroy Gardner
Batting: RHB Ichiyo Fujii 0-0: Ball
1-0: Ground out 6-3 (Groundball, 6M)
Batting: SHB Shelby Reusch 0-0: Called Strike
0-1: Foul Ball, location: 2F
0-2: Ball
1-2: Ball
2-2: SINGLE (Line Drive, 9LS)
Batting: RHB Roberto Ríos 0-0: Ball
1-0: Ball
2-0: Ball
3-0: Called Strike
3-1: SINGLE (Groundball, 6MD)
Shelby Reusch to second
Batting: RHB Andrew Hall 0-0: Ball
1-0: Called Strike
1-1: Ball
2-1: Called Strike
2-2: Ball
3-2: SINGLE (Groundball, 34D)
Shelby Reusch to third
Roberto Ríos to second
Runner from 3rd tries for Home, SAFE, throw made home
Batting: RHB Larry Brown 0-0: Called Strike
0-1: Foul Ball, location: 2F
0-2: Ball
1-2: SINGLE (Groundball, 6MD)
Roberto Ríos to third
Andrew Hall to second
Runner from 3rd tries for Home, SAFE, no throw or cutoff
Batting: RHB Jack Davis 0-0: Swinging Strike
0-1: Called Strike
0-2: Ball
1-2: Ball
2-2: Strikes out swinging
Batting: LHB Roberto Madrid 0-0: Swinging Strike
0-1: Foul Ball, location: 2F
0-2: Ball
1-2: Strikes out swinging
Top of the 4th over - 2 run(s), 4 hit(s), 0 error(s), 2 left on base; Richland 3 - Phoenix Hotspur 2
BOTTOM OF THE 4TH
Phoenix Hotspur Youth batting - Pitching for Richland Rails : RHP Javier Penela
Batting: RHB Patrick Shaw 0-0: Called Strike
0-1: Ball
1-1: Foul Ball, location: 2F
1-2: Ball
2-2: Ball
3-2: Strikes out swinging
Batting: LHB José Villarreal 0-0: Ball
1-0: Ball
2-0: Called Strike
2-1: Foul Ball, location: 2F
2-2: SINGLE (Line Drive, 34D)
Batting: RHB Nick Reed 0-0: Called Strike
0-1: Ball
1-1: Ball
2-1: DOUBLE (Flyball, 89M)
José Villarreal to third
Batting: LHB Torquato Villani 0-0: Ball
1-0: Foul Ball, location: 2F
1-1: Fly out, F7 (Line Drive, 78M)
Runner from 3rd tags up, SCORES, no throw
Batting: SHB Jesús González 0-0: Ball
1-0: Fly out, F7 (Popup, 7S)
Bottom of the 4th over - 1 run(s), 2 hit(s), 0 error(s), 1 left on base; Richland 3 - Phoenix Hotspur 3
TOP OF THE 5TH
Richland Rails batting - Pitching for Phoenix Hotspur Youth : LHP Elroy Gardner
Batting: RHB Alexis Smeddon 0-0: Ball
1-0: Foul Ball, location: 2F
1-1: Foul Ball, location: 2F
1-2: Ball
2-2: Ball
3-2: Foul Ball, location: 2F
3-2: Base on Balls
Batting: SHB Raymond Bright 0-0: Ball
1-0: SINGLE (Groundball, 34S)
Alexis Smeddon to second
Runner from 2nd tries for 3rd, SAFE, no throw or cutoff
Batting: RHB Ichiyo Fujii 0-0: Ball
1-0: Called Strike
1-1: Swinging Strike
1-2: Ball
2-2: Grounds into double play, 3-6-3 (Groundball, 3)
Alexis Smeddon scores
Batting: SHB Shelby Reusch 0-0: Called Strike
0-1: Fly out, F9 (Flyball, 9LS)
Top of the 5th over - 1 run(s), 1 hit(s), 0 error(s), 0 left on base; Richland 4 - Phoenix Hotspur 3
BOTTOM OF THE 5TH
Phoenix Hotspur Youth batting - Pitching for Richland Rails : RHP Javier Penela
Batting: RHB Jim Unknown 0-0: Hit by Pitch
Batting: LHB Alberto Torres 0-0: Ball
1-0: Called Strike
1-1: Foul Ball, location: 2F
1-2: Ball
2-2: Ball
3-2: Strikes out swinging
Batting: RHB Jorge Martínez 0-0: Ball
1-0: Fielders Choice at 2nd, 1-4 (Groundball, 13S)
Batting: RHB Matías Torrella 0-0: Ball
1-0: Called Strike
1-1: Called Strike
Jorge Martínez is caught stealing 2nd base
Bottom of the 5th over - 0 run(s), 0 hit(s), 0 error(s), 0 left on base; Richland 4 - Phoenix Hotspur 3
TOP OF THE 6TH
Richland Rails batting - Pitching for Phoenix Hotspur Youth : LHP Elroy Gardner
Batting: RHB Roberto Ríos 0-0: Called Strike
0-1: Called Strike
0-2: Foul Ball, location: 2F
0-2: SINGLE (Groundball, 4MD)
Batting: RHB Andrew Hall 0-0: Called Strike
0-1: Ball
1-1: Ball
2-1: Ball
3-1: Foul Ball, location: 2F
3-2: Foul Ball, location: 2F
3-2: Foul Ball, location: 2F
3-2: Foul Ball, location: 2F
3-2: Foul Ball, location: 2F
3-2: Foul Ball, location: 2F
3-2: Base on Balls
Roberto Ríos to second
Pitching: RHP Eric Taylor
Batting: RHB Larry Brown 0-0: Foul Ball, location: 2F
0-1: Ball
1-1: Swinging Strike
1-2: Foul Ball, location: 2F
1-2: Grounds into double play, U6-3 (Groundball, 6M)
Roberto Ríos to third
Batting: RHB Jack Davis 0-0: Swinging Strike
0-1: Ball
1-1: Called Strike
1-2: Ball
2-2: Strikes out swinging
Top of the 6th over - 0 run(s), 1 hit(s), 0 error(s), 1 left on base; Richland 4 - Phoenix Hotspur 3
BOTTOM OF THE 6TH
Phoenix Hotspur Youth batting - Pitching for Richland Rails : RHP Javier Penela
Batting: RHB Matías Torrella 0-0: SINGLE (Line Drive, 4MD)
Batting: RHB Patrick Shaw 0-0: Called Strike
0-1: Grounds into double play, 6-4-3 (Groundball, 6)
Batting: LHB José Villarreal 0-0: Called Strike
0-1: Ball
1-1: Ball
2-1: Foul Ball, location: 2F
2-2: SINGLE (Line Drive, 6M)
Batting: RHB Nick Reed 0-0: Called Strike
0-1: Ball
1-1: Ball
2-1: Fly out, F8 (Flyball, 8LD)
Bottom of the 6th over - 0 run(s), 2 hit(s), 0 error(s), 1 left on base; Richland 4 - Phoenix Hotspur 3
TOP OF THE 7TH
Richland Rails batting - Pitching for Phoenix Hotspur Youth : RHP Eric Taylor
Pitching: LHP César González
Batting: LHB Roberto Madrid 0-0: Called Strike
0-1: Ball
1-1: Ball
2-1: Ground out U3 (Groundball, 3)
Pitching: LHP Jeff Burrell
Batting: RHB Alexis Smeddon 0-0: Ground out 5-3 (Groundball, 56S)
Batting: SHB Raymond Bright 0-0: Ground out 6-3 (Groundball, 6)
Top of the 7th over - 0 run(s), 0 hit(s), 0 error(s), 0 left on base; Richland 4 - Phoenix Hotspur 3
BOTTOM OF THE 7TH
Phoenix Hotspur Youth batting - Pitching for Richland Rails : RHP Javier Penela
Batting: LHB Torquato Villani 0-0: Foul Ball, location: 2F
0-1: Ball
1-1: SINGLE (Groundball, 4MD)
Pinch Hitting: LHB Dave Wynn 0-0: Called Strike
0-1: Swinging Strike
0-2: Ball
1-2: Ball
2-2: Foul Ball, location: 2F
2-2: Ball
3-2: Ground out 3-1 (Groundball, 34)
Torquato Villani to second
Batting: RHB Jim Unknown 0-0: Ball
1-0: SINGLE (Groundball, 6D)
Torquato Villani to third
Runner from 3rd tries for Home, SAFE, no throw or cutoff
Batting: LHB Alberto Torres 0-0: Ball
1-0: Ball
2-0: Ball
3-0: Called Strike
3-1: Swinging Strike
3-2: Strikes out looking
Jim Unknown steals 2nd base
Batter strikes out.
Pitching: LHP José Ortíz
Batting: RHB Jorge Martínez 0-0: Ball
1-0: Foul Ball, location: 2F
1-1: Swinging Strike
1-2: Ball
2-2: Foul Ball, location: 2F
2-2: Ball
3-2: Strikes out swinging
Bottom of the 7th over - 1 run(s), 2 hit(s), 0 error(s), 1 left on base; Richland 4 - Phoenix Hotspur 4
TOP OF THE 8TH
Richland Rails batting - Pitching for Phoenix Hotspur Youth : LHP Jeff Burrell
Now in RF: Dave Wynn
Batting: RHB Ichiyo Fujii 0-0: Ball
1-0: Called Strike
1-1: Foul Ball, location: 2F
1-2: Ball
2-2: Foul Ball, location: 2F
2-2: Ball
3-2: Ground out 4-3 (Groundball, 4)
Batting: SHB Shelby Reusch 0-0: Called Strike
0-1: Ball
1-1: Swinging Strike
1-2: Strikes out swinging
Pinch Hitting: RHB Patrick Clark 0-0: Ball
1-0: Ball
2-0: Called Strike
2-1: Swinging Strike
2-2: Foul Ball, location: 2F
2-2: Foul Ball, location: 2F
2-2: Foul Ball, location: 2F
2-2: Strikes out swinging
Top of the 8th over - 0 run(s), 0 hit(s), 0 error(s), 0 left on base; Richland 4 - Phoenix Hotspur 4
BOTTOM OF THE 8TH
Phoenix Hotspur Youth batting - Pitching for Richland Rails : LHP José Ortíz
Now at SS: José Guerra
Batting: RHB Matías Torrella 0-0: Ball
1-0: Foul Ball, location: 2F
1-1: Ball
2-1: Swinging Strike
2-2: Strikes out swinging
Batting: RHB Patrick Shaw 0-0: Ball
1-0: Ball
2-0: Foul Ball, location: 2F
2-1: Called Strike
2-2: Strikes out swinging
Pitching: LHP Daniel León
Batting: LHB José Villarreal 0-0: Ball
1-0: DOUBLE (Groundball, 5L)
Batting: RHB Nick Reed 0-0: Ball
1-0: Called Strike
1-1: Ball
2-1: Ball
3-1: Base on Balls
Pinch Hitting: SHB Jim Unknown 0-0: Fly out, F9 (Flyball, 89D)
Bottom of the 8th over - 0 run(s), 1 hit(s), 0 error(s), 2 left on base; Richland 4 - Phoenix Hotspur 4
TOP OF THE 9TH
Richland Rails batting - Pitching for Phoenix Hotspur Youth : LHP Jeff Burrell
Now at 3B: Jim Unknown
Batting: RHB Andrew Hall 0-0: Ball
1-0: Foul Ball, location: 2F
1-1: Foul Ball, location: 2F
1-2: Fly out, F9 (Flyball, 9M)
Pinch Hitting: RHB José Herrera 0-0: Ball
1-0: Called Strike
1-1: Called Strike
1-2: Ball
2-2: Ground out 6-3 (Groundball, 6)
Pinch Hitting: RHB Júlio Aguirre 0-0: Ball
1-0: Called Strike
1-1: Called Strike
1-2: Foul Ball, location: 2F
1-2: Strikes out swinging
Top of the 9th over - 0 run(s), 0 hit(s), 0 error(s), 0 left on base; Richland 4 - Phoenix Hotspur 4
BOTTOM OF THE 9TH
Phoenix Hotspur Youth batting - Pitching for Richland Rails : LHP Daniel León
Pitching: RHP Jim Unknown
Now at C: José Herrera
Now in RF: Kevin Montgomery
Batting: LHB Dave Wynn 0-0: Foul Ball, location: 2F
0-1: Foul Ball, location: 2F
0-2: Ball
1-2: Ball
2-2: Ground out 5-3 (Groundball, 15S)
Batting: RHB Jim Unknown 0-0: Foul Ball, location: 2F
0-1: Swinging Strike
0-2: Strikes out swinging
Batting: LHB Alberto Torres 0-0: Ball
1-0: Ground out 4-3 (Groundball, 34)
Bottom of the 9th over - 0 run(s), 0 hit(s), 0 error(s), 0 left on base; Richland 4 - Phoenix Hotspur 4
TOP OF THE 10TH
Richland Rails batting - Pitching for Phoenix Hotspur Youth : LHP Jeff Burrell
Pinch Hitting: SHB Wayne Saunders 0-0: Ball
1-0: Ball
2-0: SINGLE (Groundball, 4MD)
Pinch Runner at 1st Ramón Cruz:
Batting: RHB Alexis Smeddon 0-0: Bunted foul
0-1: Ball
1-1: Sac Bunt - play at first, batter OUT! 5-4
Ramón Cruz to second
Pitching: RHP Jesús Olvero
Batting: SHB Raymond Bright 0-0: Fly out, F8 (Flyball, 8RM)
Runner from 2nd tags up, OUT at 3rd
Top of the 10th over - 0 run(s), 1 hit(s), 0 error(s), 0 left on base; Richland 4 - Phoenix Hotspur 4
BOTTOM OF THE 10TH
Phoenix Hotspur Youth batting - Pitching for Richland Rails : RHP Jim Unknown
Now in CF: Jim Unknown
Pinch Hitting: LHB Joe Perry 0-0: Called Strike
0-1: SINGLE (Groundball, 34S) (infield hit)
Batting: RHB Matías Torrella 0-0: Ball
1-0: Ball
2-0: Grounds into double play, 6-4-3 (Groundball, 6M)
Batting: RHB Patrick Shaw 0-0: Called Strike
0-1: Foul Ball, location: 2F
0-2: Ball
1-2: Strikes out swinging
Bottom of the 10th over - 0 run(s), 1 hit(s), 0 error(s), 0 left on base; Richland 4 - Phoenix Hotspur 4
TOP OF THE 11TH
Richland Rails batting - Pitching for Phoenix Hotspur Youth : RHP Jesús Olvero
Now at SS: Jorge Rosales
Batting: RHB Ichiyo Fujii 0-0: Ball
1-0: Called Strike
1-1: Swinging Strike
1-2: Strikes out looking
Batting: SHB Shelby Reusch 0-0: Called Strike
0-1: Swinging Strike
0-2: Ball
1-2: Strikes out looking
Pinch Hitting: RHB Miguel Vidro 0-0: Called Strike
0-1: Ball
1-1: Ball
2-1: Swinging Strike
2-2: Ground out 4-3 (Groundball, 34)
Top of the 11th over - 0 run(s), 0 hit(s), 0 error(s), 0 left on base; Richland 4 - Phoenix Hotspur 4
BOTTOM OF THE 11TH
Phoenix Hotspur Youth batting - Pitching for Richland Rails : RHP Jim Unknown
Pitching: LHP Jim Unknown
Now at SS: Miguel Vidro
Batting: LHB José Villarreal 0-0: Ball
1-0: Ball
2-0: Called Strike
2-1: Ball
3-1: Base on Balls
Batting: RHB Nick Reed 0-0: Foul Ball, location: 2F
0-1: Fly out, F8 (Flyball, 8LD)
Runner from 1st tags up, SAFE at 2nd
Batting: SHB Jim Unknown 0-0: Ball
1-0: Reached on Error, E6 (Popup, 6M)
José Villarreal to third
Batting: LHB Dave Wynn 0-0: Ball
1-0: Ball
2-0: Called Strike
2-1: Ball
3-1: Base on Balls
Jim Unknown to second
Batting: RHB Jim Unknown 0-0: Ball
1-0: Foul Ball, location: 2F
1-1: Swinging Strike
1-2: Strikes out swinging
Batting: LHB Alberto Torres 0-0: Swinging Strike
0-1: Ball
1-1: Fielders Choice at 2nd, U6 (Groundball, 6M)
Bottom of the 11th over - 0 run(s), 0 hit(s), 1 error(s), 3 left on base; Richland 4 - Phoenix Hotspur 4
TOP OF THE 12TH
Richland Rails batting - Pitching for Phoenix Hotspur Youth : RHP Jesús Olvero
Batting: RHB Andrew Hall 0-0: Ball
1-0: Ball
2-0: Swinging Strike
2-1: Ball
3-1: Foul Ball, location: 2F
3-2: Base on Balls
Batting: RHB José Herrera 0-0: Called Strike
0-1: Ball
1-1: Ball
2-1: Ball
3-1: Base on Balls
Andrew Hall to second
Batting: LHB Kevin Montgomery 0-0: Ball
1-0: Called Strike
1-1: Ball
2-1: Ball
3-1: Base on Balls
Andrew Hall to third
José Herrera to second
Batting: LHB Jim Unknown 0-0: Foul Ball, location: 2F
0-1: Ball
1-1: Ball
2-1: Ball
3-1: Foul Ball, location: 2F
3-2: Base on Balls
Andrew Hall scores
José Herrera to third
Kevin Montgomery to second
Batting: RHB Alexis Smeddon 0-0: Ball
1-0: SINGLE (Line Drive, 56D)
José Herrera scores
Kevin Montgomery to third
Jim Unknown to second
Pitching: LHP Corey Woods
Batting: SHB Raymond Bright 0-0: Ball
1-0: Grounds into fielders choice 6-2 (Groundball, 6)
Jim Unknown to third
Alexis Smeddon to second
Batting: RHB Ichiyo Fujii 0-0: Fly out, F9 (Flyball, 9LS)
Batting: SHB Shelby Reusch 0-0: Ball
1-0: Swinging Strike
1-1: Ball
2-1: Swinging Strike
2-2: Ground out U3 (Groundball, 3)
Top of the 12th over - 2 run(s), 1 hit(s), 0 error(s), 3 left on base; Richland 6 - Phoenix Hotspur 4
BOTTOM OF THE 12TH
Phoenix Hotspur Youth batting - Pitching for Richland Rails : LHP Jim Unknown
Batting: RHB Jorge Rosales 0-0: Called Strike
0-1: Swinging Strike
0-2: Ball
1-2: Ball
2-2: Foul Ball, location: 2F
2-2: Foul Ball, location: 2F
2-2: Foul Ball, location: 2F
2-2: Strikes out looking
Batting: RHB Matías Torrella 0-0: Called Strike
0-1: Called Strike
0-2: Ball
1-2: Strikes out swinging
Batting: RHB Patrick Shaw 0-0: Ball
1-0: Ball
2-0: Called Strike
2-1: Foul Ball, location: 2F
2-2: Foul Ball, location: 2F
2-2: Strikes out looking
Bottom of the 12th over - 0 run(s), 0 hit(s), 0 error(s), 0 left on base; Richland 6 - Phoenix Hotspur 4
This league is powered by Out of the Park Baseball, the baseball management simulation game for PC, Mac and Linux
Monday, May 4th, 2015 - OOTP Baseball 15.6 Build 34